AoeStats
← GA | Woof

Coastal Forest

510898673Analyzed
3v3 RM · 20h ago on Oct 3, 2026· 18m 53s· 6 players
Game mode
Random Map
Map size
Normal (6 player)
Population
200
Speed
Normal
Resources
Standard
Victory
Conquest
Starting age
Dark Age
Ending age
Imperial Age
RankedLock teamsTeams togetherTeam positionsShared explorationLock speedFull tech treeHidden civsTurbo modeCheats
Victory
Defeat
🇨🇴 Koreans · Colombia
1061
+13
🇨🇴 Japanese · Colombia
1049
+14
🇲🇽 Sicilians · Mexico
1004
+15
🇩🇪 Khmer · Germany
1019
-15
🇩🇪 Ethiopians · Germany
1018
-15
🇩🇪 Franks · Germany
956
-16
DCB
2:48 Loom
10:29 Feudal Age
14:07 Double-Bit Axe
14:03 Horse Collar
15:13 Stone Mining
briantorresr25
11:02 Feudal Age
17:27 Castle Age
17:12 Double-Bit Axe
17:10 Horse Collar
Barbeituss
5:58 Loom
9:01 Feudal Age
GA | Meow
11:30 Feudal Age
12:43 Gold Mining
12:36 Horse Collar
15:26 Castle Age
13:24 Double-Bit Axe
17:27 Bloodlines
GA | Woof
9:24 Loom
11:33 Feudal Age
14:49 Wheelbarrow
19:24 Castle Age
18:36 Gold Mining
18:50 Double-Bit Axe
GA | Oink
10:55 Feudal Age
13:42 Loom
Connection lost

Rejoining the realm…

Still unreachable

The connection could not be restored.

Session expired

The server has moved on; the page needs a fresh start.